 Dungeon Crawl Stone Soup version 0.28-a0-863-g8cecda6153 (webtiles) character file.

Game seed: 4961323968724918853

63 Ijustatesigmund the Skirmisher (level 3, 0/30 HPs)
             Began as a Demonspawn Fighter on Nov 19, 2021.
             Slain by a gnoll (2 damage)
             ... on level 2 of the Dungeon.
             The game lasted 00:03:02 (1634 turns).

Ijustatesigmund the Skirmisher (Demonspawn Fighter) Turns: 1634, Time: 00:03:03

Health: 0/30       AC:  6    Str: 14 (16) XL:     3   Next: 87%
Magic:  3/3        EV:  6    Int:  7 (10) God:
Gold:   51         SH: 10    Dex:  9 (12) Spells: 2/2 levels left

rFire   . . .      SeeInvis .   a - +0 war axe
rCold   . . .      Faith    .   c - +3 kite shield of Insatiable Hunger {rCorr}
rNeg    . . .      Spirit   .   b - +0 scale mail
rPois   .          Reflect  .   (no helmet)
rElec   .          Harm     .   (no cloak)
rCorr   +          Rampage  .   (no gloves)
Will    .....                   (no boots)
Stlth   ..........              (no amulet)
HPRegen 0.10/turn               (no ring)
MPRegen 0.08/turn               (no ring)

@: no status effects
A: powered by pain 1
a: no special abilities


You were on level 2 of the Dungeon.
You visited 1 branch of the dungeon, and saw 2 of its levels.

You collected 51 gold pieces.

Inventory:

Hand Weapons
 a - a +0 war axe (weapon)
Missiles
 f - 2 poisoned darts (quivered)
Armour
 b - a +0 scale mail (worn)
 c - the +3 kite shield of Insatiable Hunger (worn) {rCorr}
   (You acquired it on level 1 of the Dungeon)

   rCorr:     It protects you from acid and corrosion.
Potions
 d - a potion of might
 i - a potion of heal wounds {unknown}
 k - a potion of attraction {unknown}


   Skills:
 + Level 4.0 Fighting
 + Level 3.0 Axes
 - Level 2.6 Armour
 - Level 2.6 Shields


You had 2 spell levels left.
You didn't know any spells.
Your spell library contained the following spells:

 Spells                   Type           Power      Damage    Failure   Level
 Sublimation of Blood     Necr           0%         N/A       100%        2
 Wereblood                Tmut           0%         N/A       100%        2
 Summon Hydra             Summ           0%         N/A       100%        7


Dungeon Overview and Level Annotations

Branches:
Dungeon (2/15)

Altars:

Shops:
D:2 :


Innate Abilities, Weirdness & Mutations

You sometimes gain a little power by taking damage.


Message History

A gnoll comes into view. It is wielding a +0 spear.
Throw: 3 darts (poison)
Press: ? - help, Q - select action Shift-Dir - straight line, f - goblin
Aim: a goblin, wielding a +0 dagger (51% to hit)
You throw a poisoned dart. The poisoned dart hits the goblin.
The goblin is poisoned.
The gnoll shouts!
You hear a shout!
A gnoll comes into view. It is wielding a +0 flail.
You hit the goblin but do no damage. The goblin hits you but does no damage.
The goblin barely misses you.
You closely miss the goblin.
You kill the goblin!
The gnoll throws a throwing net.
The throwing net hits you.
You become entangled in the net!
You tear a large gash into the net.
You struggle against the net.
You rip the net and break free!
The gnoll hits you with a +0 whip!
You hit the gnoll.
The gnoll is lightly wounded.
You block the gnoll's attack.
The gnoll hits you from afar with a +0 spear.
The gnoll barely misses you.
You slash the gnoll!
The gnoll is severely wounded.
The gnoll hits you from afar with a +0 spear.
The gnoll hits you with a +0 whip.
The gnoll hits you from afar with a +0 spear.
You block the gnoll's attack.
You closely miss the gnoll.
The gnoll is severely wounded.
You block the gnoll's attack. The gnoll hits you with a +0 whip.
* * * LOW HITPOINT WARNING * * *
The gnoll hits you from afar with a +0 spear.
* * * LOW HITPOINT WARNING * * *
It was a potion of degeneration.
There was something very wrong with that liquid.
You feel weakened.
You feel dopey.
You feel clumsy. The gnoll hits you with a +0 whip.
You die...

##################
.†...............#
################.#
#.# #@# #g# #g#


.gg #### .#... ...# .#..... ...# .# #####. ...# #. .. ...# . .# You could see 4
gnolls.

Vanquished Creatures
  An adder (D:2)
  3 dart slugs (D:1)
  5 ball pythons (D:1)
  6 endoplasms
  A giant cockroach (D:1)
  A goblin (D:2)
  7 hobgoblins (D:1)
  3 jackals (D:1)
  3 quokkas (D:1)
  5 bats
  5 kobolds
  4 rats
44 creatures vanquished.

Vanquished Creatures (others)
  A plant (D:2)
1 creature vanquished.

Grand Total: 45 creatures vanquished

Notes
Turn   | Place    | Note
-------+----------+-------------------------------------------
     0 | D:1      | Ijustatesigmund the Demonspawn Fighter began the quest for
                  | the Orb.
     0 | D:1      | Reached XP level 1. HP: 18/18 MP: 1/1
     4 | D:1      | You fall into a shaft and drop 1 floor!
    28 | D:2      | Gained mutation: You sometimes gain a little power by
                  | taking damage. [demonic ancestry]
    28 | D:2      | Reached XP level 2. HP: 5/24 MP: 2/2
   302 | D:2      | Found a faded altar of an unknown god.
   326 | D:2      | Found Vequxum's Book Shop.
   661 | D:1      | Reached XP level 3. HP: 18/29 MP: 3/3
   884 | D:1      | Identified a scroll of acquirement
   890 | D:1      | Acquired the +3 kite shield of Insatiable Hunger {rCorr}
  1386 | D:1      | Reached skill level 4 in Fighting
  1634 | D:2      | Slain by a gnoll

Illustrated notes

Levels and vault maps discovered:
D:1:      scummos_arrival_simple_fountains, layout_basic, st_stairs_5,
          minmay_hexomino_p4
D:2:      cheibrodos_old_hovel, layout_basic, basic_altar,
          shapermc_ecumenical_altar_pompeii, serial_shops,
          nicolae_shop_advertising_works [nicolae_subvault_shop_adworks],
          uniq_crazy_yiuf_cottage

Skill      XL: |  1  2  3 |
---------------+----------+-----
Axes           | 2 3 |  3.0
Fighting       | 4 |  4.0
Armour         | |  2.6
Shields        | |  2.6

Action                   || total
-------------------------++-------
Melee: War axe           ||   127
Throw: Dart              ||     2
  Use: Scroll            ||     4
       Potion            ||     1
Armor: Scale mail        ||    69
Dodge: Dodged            ||    51
Block: Buckler           ||    17
       Kite shield       ||    39

Table legend: (Time is in decaauts)
 A = Elapsed time spent in this place.
 B = Non-inter-level travel time spent in this place.
 C = Inter-level travel time spent in this place.
 D = Time resting spent in this place.
 E = Time spent auto-exploring this place.
 F = Levels seen in this place.
 G = Mean time per level.
                   A        B        C        D        E       F      G
               +--------+--------+--------+--------+--------+-----+--------+
         Total |   1697 |   1650 |     47 |    557 |    764 |   2 |  848.5 |
       Dungeon |   1697 |   1650 |     47 |    557 |    764 |   2 |  848.5 |
               +--------+--------+--------+--------+--------+-----+--------+

Top non-repeatable levels by time:
     D:1: 1274 daAuts
     D:2: 422 daAuts
